Map: Ruby Rock LE

Players

SZNightMare (NightMare)

  • Race: Protoss Protoss
  • League: Master
  • Spawn Location: 11:00

Lambo - Winner!

  • Race: Zerg Zerg
  • League: Grandmaster
  • Spawn Location: 5:00

VOD

Have the link to the VOD?

Description

Time

  • Played on: Jan. 30, 2026, 10:01 a.m.
  • Length: 10:43
Show
View Real Time Build Order
Export as new Build Order

SZNightMare Protoss 

Build Orders: 1 Gate Expand, Oracle Opening, Chargelot Immortal 

Get SALT Encoding   

  12  0:00  Probe  
  13  0:15  Probe, Pylon  
  14  0:23  Probe  
  15  0:32  Probe  
  16  0:39  Gateway  
  16  0:44  Probe  
  17  0:56  Probe  
  18  1:04  Assimilator  
  18  1:08  Probe  
  19  1:20  Probe  
  19  1:25  Nexus  
  20  1:32  Probe  
  21  1:38  Cybernetics Core  
  21  1:44  Probe  
  21  1:45  Assimilator  
  22  1:52  Pylon  
  22  1:56  Probe  
  23  2:04  Adept  
  23  2:10  Probe  
  26  2:22  Probe  
  26  2:25  Stargate  
  26  2:33  Probe, Adept  
  30  2:37  Probe  
  30  2:38  Warp Gate  
  30  2:41  Probe  
  30  2:49  Probe x2  
  33  3:00  Probe  
  33  3:01  Probe  
  33  3:03  Adept  
  37  3:06  Void Ray  
  42  3:12  Probe  
  42  3:15  Pylon  
  42  3:18  Probe  
  43  3:23  Gateway  
  43  3:24  Probe  
  44  3:30  Probe  
  45  3:34  Oracle  
  45  3:37  Probe  
  46  3:42  Probe  
  50  3:49  Probe  
  51  4:00  Probe  
  51  4:01  Probe  
  51  4:02  Nexus  
  53  4:03  Pylon  
  53  4:07  Assimilator  
  53  4:09  Assimilator  
  53  4:12  Probe  
  54  4:20  Twilight Council, Forge  
  54  4:21  Probe  
  55  4:24  Probe  
  55  4:28  Adept x2  
  60  4:37  Probe x2  
  62  4:42  Gateway  
  62  4:47  Gateway  
  62  4:49  Pylon  
  62  4:51  Pylon  
  62  5:04  Blink  
  62  5:07  Probe x2  
  62  5:09  Adept x2  
  62  5:13  Protoss Ground Weapons Level 1  
  62  5:16  Probe x3  
  63  5:24  Probe x3  
  63  5:26  Templar Archives  
  66  5:30  Shield Battery  
  66  5:34  Probe x3, Adept x2  
  70  5:40  Adept  
  75  5:42  Adept  
  75  5:46  Probe x3  
  80  5:52  Assimilator, Pylon  
  80  5:58  Probe x2  
  80  5:59  Stalker x2  
  80  6:02  Pylon  
  86  6:08  Stalker x2  
  86  6:09  Probe  
  86  6:10  Probe  
  92  6:18  Pylon  
  92  6:21  Gateway x2  
  92  6:25  Shield Battery  
  92  6:26  Shield Battery  
  92  6:33  Stalker x4  
  92  6:37  Psionic Storm, Pylon  
  92  6:39  Gateway  
  100  6:45  Probe x3, Assimilator  
  103  6:49  Protoss Ground Weapons Level 2  
  103  6:57  Stalker x3  
  103  7:00  Stalker  
  111  7:04  Pylon  
  111  7:06  Pylon  
  111  7:14  Robotics Facility  
  111  7:16  High Templar x2  
  111  7:21  Probe  
  111  7:22  Probe, Pylon  
  117  7:32  High Templar  
  117  7:33  Zealot x3, Charge  
  125  7:44  High Templar  
  125  7:45  Gateway  
  125  7:46  Gateway  
  125  7:49  Shield Battery  
  127  7:52  Photon Cannon  
  127  7:57  High Templar  
  129  8:01  Observer  
  125  8:05  Nexus  
  125  8:07  Pylon  
  125  8:12  Photon Cannon  
  126  8:15  Immortal  
  126  8:17  Probe x3  
  133  8:23  Robotics Facility  
  133  8:26  Photon Cannon  
  133  8:27  Zealot  
  133  8:28  Photon Cannon  
  133  8:31  Photon Cannon  
  133  8:33  Probe x3  
  138  8:50  Fleet Beacon  
  138  8:52  Stargate  
  138  8:54  Zealot x5  
  148  8:59  Immortal  
  148  9:00  Immortal  
  132  9:03  Pylon  
  132  9:08  Nexus  
  124  9:12  Zealot x4  
  131  9:19  Archon  
  131  9:23  Zealot x4  
  110  9:25  High Templar  
  110  9:29  Immortal  
  110  9:30  Immortal  
  97  9:35  Zealot  
  97  9:36  Zealot x3  
  100  9:44  Zealot x4  
  80  9:56  Zealot x4  
  80  9:58  Zealot  
Show
View Real Time Build Order
Export as new Build Order

Lambo Zerg - Winner!

Build Orders: Hatch First, Roach Hydra 

Get SALT Encoding   

  12  0:00  Drone  
  13  0:08  Drone  
  14  0:14  Extractor, Drone  
  14  0:21  Overlord  
  15  0:39  Drone  
  16  0:44  Hatchery  
  16  0:48  Drone  
  16  0:52  Drone  
  16  0:56  Drone  
  18  1:06  Extractor  
  17  1:11  Spawning Pool  
  17  1:14  Drone  
  17  1:17  Drone  
  18  1:27  Drone  
  19  1:38  Drone  
  20  1:49  Drone  
  21  1:58  Queen x2, Zergling x2  
  21  2:00  Overlord  
  26  2:08  Drone  
  27  2:09  Drone  
  27  2:11  Metabolic Boost  
  28  2:20  Drone x2  
  30  2:28  Drone  
  31  2:31  Drone  
  31  2:33  Queen  
  34  2:44  Hatchery  
  34  2:48  Overlord  
  34  2:50  Drone  
  34  2:53  Drone  
  34  2:56  Overlord  
  35  3:00  Drone  
  36  3:07  Zergling x8  
  36  3:08  Drone  
  36  3:09  Drone  
  42  3:14  Drone  
  42  3:16  Drone  
  44  3:21  Drone  
  44  3:22  Queen  
  44  3:25  Spore Crawler  
  46  3:31  Drone x2  
  48  3:36  Overlord  
  48  3:37  Drone x3  
  48  3:39  Drone  
  48  3:41  Overlord  
  52  3:44  Overlord  
  51  3:53  Overlord  
  51  3:55  Queen  
  51  3:56  Drone x2  
  51  4:00  Drone  
  56  4:04  Spore Crawler  
  56  4:07  Zergling x4  
  57  4:10  Evolution Chamber, Drone  
  57  4:14  Drone x5  
  63  4:19  Overlord x2  
  63  4:27  Zergling x6  
  63  4:28  Drone x2  
  68  4:35  Evolution Chamber  
  68  4:36  Drone  
  68  4:38  Drone  
  67  4:40  Lair  
  67  4:41  Drone  
  67  4:42  Extractor  
  66  4:45  Drone x3  
  66  4:46  Drone x3  
  66  4:49  Zergling x4  
  74  4:53  Drone  
  75  5:02  Roach Warren  
  75  5:03  Drone x2  
  75  5:05  Drone x4  
  77  5:10  Drone  
  77  5:13  Drone  
  74  5:15  Drone  
  74  5:16  Drone x3  
  74  5:19  Drone  
  78  5:24  Extractor  
  78  5:25  Drone x4, Extractor  
  78  5:27  Hatchery, Drone  
  80  5:34  Evolution Chamber  
  80  5:35  Zergling x4  
  81  5:42  Hydralisk Den, Zergling x2  
  81  5:44  Overlord  
  81  5:48  Roach x4  
  89  5:51  Evolution Chamber  
  89  5:54  Roach  
  89  5:55  Zergling x2  
  90  5:57  Overlord, Evolution Chamber  
  90  5:59  Overlord  
  90  6:00  Overlord x2  
  90  6:01  Overlord, Glial Reconstitution  
  89  6:04  Spore Crawler, Extractor  
  89  6:05  Extractor  
  85  6:12  Drone x6  
  85  6:15  Hydralisk Den  
  85  6:17  Drone x3  
  93  6:20  Zerg Missile Weapons Level 1  
  93  6:24  Overlord  
  93  6:28  Drone  
  94  6:33  Roach x5  
  94  6:38  Drone  
  105  6:41  Hatchery  
  105  6:46  Grooved Spines, Hydralisk x5  
  114  6:55  Hydralisk x2  
  114  6:56  Zergling x6  
  121  7:02  Hydralisk  
  121  7:03  Hydralisk x2, Zergling x4  
  128  7:10  Hydralisk x2  
  132  7:16  Hydralisk  
  132  7:17  Roach x3, Zergling x6  
  142  7:26  Hydralisk, Zergling x2  
  145  7:31  Overlord x3  
  145  7:36  Overlord, Muscular Augments  
  145  7:39  Overlord  
  145  7:44  Overlord  
  145  7:55  Infestation Pit  
  144  7:58  Hydralisk x8  
  144  8:00  Roach x2, Zergling x4  
  165  8:15  Roach, Zergling x20  
  177  8:20  Roach  
  177  8:22  Ravager x4  
  177  8:26  Zergling x8  
  187  8:37  Zergling x16  
  195  8:43  Zergling x10  
  199  8:52  Zergling x2  
  197  8:58  Roach  
  197  8:59  Overlord  
  197  9:02  Zergling x12  
  199  9:08  Zergling x16  
  193  9:18  Hydralisk x5  
  193  9:19  Zergling x2  
  193  9:21  Hydralisk  
  183  9:25  Roach x3  
  183  9:28  Hydralisk x6  
  192  9:34  Roach  
  192  9:37  Hydralisk x5  
  183  9:41  Roach  
  183  9:45  Roach  
  175  9:47  Hydralisk  
  175  9:51  Hydralisk x2  
  173  9:57  Hydralisk x4  
  173  9:58  Zergling x2  
  173  9:59  Roach  
  170  10:02  Roach  
  170  10:03  Roach  
Tags
 
Add a new tag
Caveats
  • Supply blocks, unpowered buildings, or Contaminate may cause inaccurate times.
  • Supply counts are checked every 10 seconds.